Map: Jagannatha LE

Players

Elazer - Winner!

  • Race: Zerg Zerg

PtitDrogo

  • Race: Protoss Protoss

Event: DreamHack SC2 Masters 2021 Winter

VOD

Have the link to the VOD?

Description

Time

  • Played on: Oct. 1, 2021, 11:09 a.m.
  • Length: 34:29

All games in this series

Show
View Real Time Build Order
Export as new Build Order

Elazer Zerg - Winner!

Build Orders: Hatch First, Brood Lord Corruptor 

Get SALT Encoding   

  12  0:00  Drone  
  13  0:12  Overlord  
  13  0:16  Drone  
  14  0:30  Drone x2  
  16  0:49  Hatchery  
  15  0:52  Drone  
  15  0:55  Drone  
  17  0:58  Drone  
  18  1:10  Extractor  
  17  1:15  Spawning Pool  
  17  1:18  Drone  
  17  1:27  Drone  
  17  1:28  Drone  
  19  1:39  Drone  
  20  1:50  Overlord  
  20  2:02  Zergling x2, Queen x2  
  20  2:03  Drone  
  26  2:11  Zergling x2  
  26  2:12  Drone  
  26  2:15  Metabolic Boost  
  28  2:21  Drone  
  28  2:22  Drone  
  30  2:32  Drone  
  30  2:33  Drone  
  32  2:38  Queen  
  32  2:43  Zergling x2  
  32  2:44  Overlord  
  35  2:55  Hatchery  
  34  2:59  Zergling x2  
  34  3:00  Zergling x2  
  36  3:06  Overlord  
  36  3:09  Drone  
  36  3:10  Drone x2  
  36  3:11  Drone  
  40  3:13  Drone  
  40  3:14  Drone  
  42  3:24  Queen  
  42  3:26  Overlord  
  44  3:28  Drone  
  44  3:30  Drone  
  46  3:34  Drone  
  46  3:38  Queen  
  46  3:39  Drone  
  50  3:43  Zergling x4  
  50  3:45  Zergling x2  
  50  3:46  Zergling x2  
  50  3:47  Zergling x2  
  55  3:50  Zergling x2  
  55  3:53  Drone x2  
  55  3:55  Drone  
  59  3:56  Drone  
  60  4:05  Overlord  
  60  4:07  Queen  
  60  4:08  Drone x2  
  64  4:16  Spore Crawler  
  63  4:17  Drone x3  
  65  4:26  Drone x6  
  65  4:31  Drone  
  68  4:32  Drone  
  68  4:38  Drone  
  67  4:40  Drone  
  67  4:42  Lair  
  68  4:46  Extractor, Spore Crawler  
  68  4:49  Extractor  
  68  4:50  Drone x8  
  73  4:56  Spore Crawler  
  73  4:58  Drone x2  
  74  5:02  Overlord  
  74  5:05  Extractor, Roach Warren  
  72  5:09  Zergling x4  
  72  5:11  Overlord  
  74  5:15  Extractor  
  74  5:17  Overlord  
  73  5:21  Zergling x4, Hatchery  
  73  5:22  Zergling x2, Drone x4  
  73  5:23  Drone  
  73  5:27  Overlord  
  80  5:35  Drone x6  
  86  5:40  Evolution Chamber  
  86  5:41  Extractor, Infestation Pit  
  83  5:44  Drone x2  
  83  5:45  Drone, Glial Reconstitution  
  83  5:49  Drone  
  89  5:50  Drone x2  
  89  5:51  Drone x3  
  89  5:53  Drone  
  89  5:54  Drone  
  94  5:58  Overlord  
  94  6:02  Drone x3  
  96  6:06  Queen  
  96  6:09  Zerg Missile Weapons Level 1  
  96  6:11  Overlord  
  98  6:12  Drone  
  98  6:17  Drone x2  
  98  6:18  Hive  
  101  6:21  Drone x2, Spire  
  101  6:22  Drone  
  101  6:23  Drone x2  
  105  6:26  Drone x2  
  105  6:29  Overlord  
  106  6:37  Roach x5  
  106  6:39  Roach  
  118  6:44  Overlord  
  118  6:47  Spore Crawler  
  118  6:52  Roach x8  
  130  6:55  Overlord  
  130  7:02  Roach x6  
  130  7:03  Overlord  
  130  7:05  Drone  
  143  7:08  Drone x2  
  143  7:12  Overlord  
  143  7:15  Overlord  
  143  7:16  Roach x4  
  143  7:21  Overlord  
  151  7:23  Overseer  
  151  7:24  Roach  
  151  7:25  Overlord, Roach x3  
  151  7:29  Extractor  
  158  7:31  Extractor  
  158  7:37  Drone x2  
  158  7:39  Hatchery  
  158  7:43  Mutalisk x6  
  168  7:45  Mutalisk  
  168  7:49  Mutalisk x2  
  170  7:51  Mutalisk  
  172  7:59  Baneling Nest, Drone x2  
  172  8:02  Zergling x10  
  172  8:05  Evolution Chamber, Ravager x3  
  181  8:07  Ravager  
  181  8:14  Overlord  
  181  8:18  Zergling x22  
  192  8:20  Adrenal Glands  
  192  8:23  Zerg Melee Weapons Level 1  
  192  8:32  Overlord  
  192  8:33  Zerg Ground Armor Level 1  
  192  8:35  Greater Spire  
  185  8:52  Zergling x22  
  181  9:04  Drone x8  
  189  9:15  Centrifugal Hooks  
  187  9:18  Zergling x20  
  187  9:37  Roach x16  
  187  9:41  Roach x7  
  187  9:42  Roach x2  
  199  9:50  Spine Crawler  
  199  9:51  Spine Crawler x3  
  191  9:55  Zerg Flyer Armor Level 1  
  189  10:02  Zergling x22  
  189  10:04  Baneling x19  
  200  10:11  Spore Crawler  
  200  10:12  Spine Crawler x3  
  196  10:20  Zergling x4, Overlord x2  
  185  10:42  Zergling x24  
  180  10:44  Zergling x2  
  180  10:45  Zergling x28  
  188  10:50  Zerg Ground Armor Level 2, Zerg Melee Weapons Level 2  
  188  10:51  Corruptor x2  
  190  11:00  Corruptor x3  
  196  11:04  Drone x2  
  196  11:23  Baneling x14  
  195  11:34  Baneling x16  
  195  11:36  Overlord  
  195  11:37  Brood Lord  
  132  11:59  Zergling x24  
  135  12:02  Brood Lord x3  
  135  12:03  Brood Lord  
  135  12:04  Zergling x22  
  135  12:05  Corruptor x3  
  159  12:11  Roach x4  
  169  12:15  Ravager x2  
  169  12:16  Ravager x2  
  169  12:21  Zergling x2  
  169  12:22  Zergling x20  
  170  12:37  Brood Lord x3  
  170  12:43  Zergling x20  
  159  12:52  Zergling x28  
  145  13:01  Roach x6  
  145  13:04  Zergling x8  
  148  13:10  Zergling x6  
  132  13:20  Corruptor x6  
  143  13:29  Corruptor x3  
  148  13:36  Drone x5  
  148  13:40  Drone x2  
  155  13:49  Drone x4  
  159  13:58  Brood Lord x5  
  166  14:11  Corruptor x3  
  148  14:37  Drone x18  
  155  14:50  Drone x5  
  160  14:59  Pathogen Glands  
  160  15:01  Viper x2  
  164  15:12  Overlord  
  164  15:13  Spawning Pool  
  163  15:23  Infestor x4  
  163  15:26  Corruptor  
  163  15:27  Corruptor x4  
  181  15:29  Extractor  
  181  15:30  Extractor  
  175  15:46  Extractor  
  175  15:49  Overlord x2  
  173  15:51  Ultralisk Cavern  
  172  16:04  Zergling x30  
  175  16:10  Queen  
  175  16:11  Queen  
  183  16:23  Zergling x10  
  184  16:31  Zergling x10  
  184  16:33  Zerg Ground Armor Level 3  
  182  16:45  Corruptor x5  
  192  16:53  Zergling x22  
  200  16:54  Chitinous Plating  
  200  16:58  Drone  
  200  16:59  Drone  
  197  17:12  Zerg Flyer Armor Level 2, Spore Crawler x2  
  197  17:13  Spore Crawler  
  197  17:14  Spire  
  193  17:24  Spore Crawler x4  
  193  17:25  Spore Crawler x2  
  178  17:30  Ultralisk  
  183  17:48  Drone x3  
  183  17:49  Drone  
  183  17:50  Infestor  
  183  17:51  Viper x2  
  189  17:52  Spore Crawler  
  189  17:53  Spore Crawler  
  189  17:54  Spore Crawler  
  189  17:55  Spore Crawler  
  191  18:02  Ultralisk  
  191  18:05  Ultralisk  
  197  18:06  Zergling x4  
  199  18:16  Zergling x2  
  199  18:17  Zergling x2  
  199  18:18  Zergling x10  
  196  18:30  Overseer  
  196  18:31  Pneumatized Carapace, Overseer x4  
  194  18:34  Zerg Flyer Weapons Level 1  
  194  18:39  Spine Crawler  
  193  18:43  Spine Crawler  
  193  18:44  Spine Crawler  
  191  18:54  Spore Crawler  
  191  18:55  Zergling x18, Spore Crawler x3  
  194  19:10  Zerg Melee Weapons Level 3  
  194  19:14  Zergling x12  
  199  19:30  Zerg Flyer Armor Level 3  
  198  19:35  Baneling x8  
  198  19:37  Baneling x6  
  197  19:40  Overlord x4  
  194  20:03  Spore Crawler  
  194  20:04  Spore Crawler x3  
  194  20:06  Spore Crawler x2  
  176  20:20  Zergling x12  
  176  20:21  Zergling x2, Hatchery  
  179  20:24  Zergling x4  
  180  20:34  Zerg Flyer Weapons Level 2  
  180  20:36  Burrow  
  180  20:41  Anabolic Synthesis  
  180  20:51  Neural Parasite  
  180  21:09  Overseer x4  
  181  21:25  Zergling x10  
  181  21:26  Zergling x2  
  184  21:51  Zergling x8  
  184  21:52  Zergling x14  
  188  22:11  Spore Crawler x3, Drone x3  
  188  22:15  Zerg Missile Weapons Level 2  
  188  22:18  Extractor  
  188  22:19  Extractor  
  185  23:13  Infestor x2  
  185  23:17  Overseer x2  
  189  23:24  Corruptor x5  
  199  23:29  Spore Crawler  
  199  23:30  Spore Crawler  
  199  23:31  Spore Crawler x2  
  195  23:45  Baneling x10  
  195  23:51  Corruptor x2  
  194  24:22  Baneling x12  
  194  24:24  Corruptor x3  
  198  24:52  Zergling x20  
  191  25:19  Corruptor  
  191  25:20  Corruptor x3  
  199  25:26  Overseer x4  
  199  25:40  Overlord  
  199  25:47  Zerg Flyer Weapons Level 3  
  196  26:13  Zergling x6  
  199  26:24  Spawning Pool  
  192  27:16  Zergling x8  
  192  27:17  Zergling x8  
  197  27:27  Zergling x2  
  197  27:28  Zergling x12  
  198  27:35  Hatchery  
  197  27:46  Baneling x6  
  193  28:20  Corruptor  
  193  28:21  Corruptor x2  
  189  29:07  Corruptor x5  
  176  29:43  Corruptor x5  
  163  29:59  Corruptor x5  
  137  30:11  Corruptor x6  
  137  30:13  Infestor x2  
  123  30:52  Corruptor x2  
  129  30:59  Infestor  
  129  31:00  Infestor  
  129  31:06  Infestor  
  129  31:07  Infestor x5  
  139  31:16  Spire  
  138  31:26  Extractor  
  138  31:27  Extractor  
  136  31:36  Lair  
  136  31:39  Spawning Pool  
  135  31:43  Zergling x10  
  138  32:01  Infestor x8  
  138  32:13  Infestor x6  
  123  32:48  Corruptor x6  
  125  32:51  Infestor  
  125  32:52  Infestor  
  125  32:54  Infestor x2  
  107  33:01  Infestation Pit  
  107  33:04  Zergling x10  
  104  33:39  Corruptor x6  
Show
View Real Time Build Order
Export as new Build Order

PtitDrogo Protoss 

Build Orders: 1 Gate Expand, Oracle Opening, Archon Immortal, Carriers 

Get SALT Encoding   

  12  0:00  Probe  
  13  0:12  Probe  
  14  0:20  Pylon  
  14  0:24  Probe  
  15  0:38  Probe (Chrono Boost)  
  15  0:40  Gateway  
  16  0:47  Probe (Chrono Boost)  
  16  0:49  Assimilator  
  17  0:52  Probe  
  18  1:04  Probe  
  19  1:17  Probe  
  20  1:26  Nexus  
  20  1:37  Cybernetics Core  
  20  1:40  Probe  
  20  1:46  Assimilator  
  21  1:52  Probe  
  22  1:55  Pylon  
  22  2:04  Probe  
  23  2:11  Adept (Chrono Boost)  
  25  2:16  Probe  
  25  2:19  Stargate  
  26  2:28  Warp Gate  
  26  2:29  Probe (Chrono Boost)  
  27  2:31  Adept (Chrono Boost)  
  29  2:38  Probe (Chrono Boost)  
  31  2:46  Probe (Chrono Boost)  
  31  2:48  Probe (Chrono Boost)  
  32  2:53  Probe x2 (Chrono Boost), Adept  
  36  3:04  Probe, Oracle (Chrono Boost)  
  36  3:05  Probe  
  38  3:10  Pylon  
  41  3:17  Probe  
  41  3:18  Probe  
  43  3:29  Probe  
  43  3:30  Probe, Gateway  
  45  3:34  Oracle  
  49  3:41  Probe  
  49  3:42  Probe  
  49  3:43  Pylon  
  50  3:54  Probe x2 (Chrono Boost)  
  52  3:57  Nexus  
  52  4:06  Probe (Chrono Boost)  
  52  4:07  Robotics Facility  
  52  4:09  Assimilator  
  54  4:11  Probe (Chrono Boost)  
  54  4:12  Assimilator  
  54  4:14  Probe (Chrono Boost)  
  55  4:17  Probe (Chrono Boost)  
  55  4:22  Pylon  
  57  4:25  Adept x2  
  57  4:27  Probe (Chrono Boost)  
  57  4:37  Probe  
  56  4:38  Probe  
  57  4:45  Gateway  
  57  4:46  Gateway  
  57  4:47  Forge  
  57  4:49  Probe  
  57  4:50  Probe  
  59  4:55  Observer (Chrono Boost)  
  60  5:02  Probe (Chrono Boost)  
  60  5:04  Adept x2  
  60  5:05  Probe (Chrono Boost)  
  66  5:10  Probe (Chrono Boost)  
  66  5:11  Immortal  
  72  5:19  Probe x3 (Chrono Boost)  
  72  5:21  Shield Battery, Protoss Ground Weapons Level 1  
  74  5:25  Probe  
  74  5:27  Probe  
  76  5:29  Probe  
  76  5:30  Twilight Council  
  76  5:34  Pylon  
  76  5:35  Sentry x2  
  81  5:37  Probe  
  81  5:39  Probe  
  81  5:41  Probe (Chrono Boost)  
  85  5:51  Assimilator  
  85  5:52  Warp Prism (Chrono Boost)  
  85  5:53  Probe (Chrono Boost)  
  85  5:54  Probe (Chrono Boost), Assimilator  
  89  5:58  Probe (Chrono Boost)  
  89  6:01  Probe (Chrono Boost)  
  89  6:04  Probe (Chrono Boost)  
  91  6:05  Probe (Chrono Boost)  
  91  6:08  Charge  
  91  6:10  Templar Archives  
  93  6:15  Gateway  
  93  6:16  Probe  
  93  6:17  Pylon  
  93  6:18  Gateway, Pylon  
  93  6:32  Immortal (Chrono Boost)  
  93  6:34  Pylon  
  93  6:39  Gateway  
  96  6:41  Zealot x2  
  96  6:43  Gateway  
  96  6:44  Gateway, Pylon  
  96  6:45  Photon Cannon  
  100  6:57  High Templar x2  
  100  6:59  Psionic Storm  
  104  7:11  Nexus  
  104  7:12  Pylon, High Templar x2  
  104  7:15  Photon Cannon  
  108  7:17  Probe, High Templar x2  
  108  7:19  Immortal (Chrono Boost)  
  108  7:20  Photon Cannon  
  117  7:24  Probe  
  118  7:35  Photon Cannon  
  118  7:36  Shield Battery, High Templar  
  120  7:37  Archon, Zealot, Photon Cannon  
  122  7:45  High Templar  
  122  7:46  Zealot x4  
  122  7:51  Protoss Ground Weapons Level 2 (Chrono Boost)  
  132  7:52  Archon  
  132  7:53  Probe  
  132  7:54  Photon Cannon  
  133  8:05  Pylon  
  133  8:09  Pylon  
  133  8:11  Assimilator  
  133  8:14  Gateway, Assimilator  
  133  8:19  Stargate  
  133  8:21  Fleet Beacon  
  133  8:22  Immortal (Chrono Boost)  
  133  8:23  Probe x3, Phoenix (Chrono Boost)  
  133  8:28  Stalker x2  
  137  8:34  Stalker x2  
  137  8:35  Stalker  
  143  8:41  Phoenix  
  143  8:46  Zealot x3  
  129  8:57  Photon Cannon  
  129  8:59  Immortal (Chrono Boost)  
  132  9:03  Stalker x3  
  132  9:05  Phoenix  
  132  9:09  Probe  
  137  9:11  Probe  
  137  9:12  Probe  
  139  9:18  High Templar x2  
  139  9:19  Zealot x3  
  139  9:22  Phoenix  
  150  9:28  Archon  
  150  9:29  Zealot x2  
  145  9:37  Stalker x2  
  147  9:41  Probe  
  147  9:42  Probe x3  
  147  9:51  Immortal (Chrono Boost)  
  147  9:54  Probe x2  
  147  9:57  Photon Cannon  
  153  10:02  Pylon  
  153  10:04  Pylon  
  153  10:12  Pylon  
  153  10:14  Blink  
  153  10:16  Pylon  
  151  10:35  Stalker x2  
  147  10:44  Protoss Ground Weapons Level 3 (Chrono Boost)  
  147  10:46  Warp Prism (Chrono Boost)  
  147  10:48  Probe  
  147  10:49  Probe  
  143  10:57  Photon Cannon  
  143  10:59  Photon Cannon x2  
  143  11:01  High Templar x8  
  159  11:06  Archon  
  159  11:07  Archon  
  159  11:10  Shield Battery  
  159  11:23  Carrier (Chrono Boost)  
  171  11:34  Carrier (Chrono Boost)  
  171  11:36  Photon Cannon  
  169  11:46  Pylon  
  167  11:50  Stalker x4  
  167  11:51  Stalker x5  
  175  12:01  Warp Prism (Chrono Boost)  
  168  12:11  Pylon  
  168  12:12  Pylon  
  168  12:13  Pylon  
  168  12:16  Zealot x6  
  115  12:58  Stalker x9  
  121  13:05  Archon  
  115  13:15  Observer  
  103  13:24  Carrier x2 (Chrono Boost)  
  109  13:34  Zealot, High Templar x6  
  107  13:35  Zealot x3  
  107  13:39  Archon x2  
  107  13:40  Archon  
  121  13:46  Pylon  
  120  14:05  Zealot x4  
  120  14:06  Zealot x6, Pylon  
  134  14:20  Void Ray x2 (Chrono Boost)  
  134  14:23  Nexus  
  120  14:29  High Templar x2  
  120  14:30  Zealot  
  108  14:49  Zealot  
  108  14:50  Zealot, Void Ray (Chrono Boost)  
  108  14:51  Void Ray (Chrono Boost)  
  108  14:58  High Templar x3  
  118  15:02  Protoss Air Weapons Level 1 (Chrono Boost)  
  118  15:14  Photon Cannon  
  118  15:15  Shield Battery  
  118  15:16  Zealot  
  118  15:18  Warp Prism (Chrono Boost)  
  122  15:27  High Templar x3  
  128  15:28  High Templar  
  128  15:29  Zealot x2  
  128  15:34  Archon x2  
  134  15:40  Zealot x4  
  138  15:56  Zealot x2  
  142  16:00  Probe  
  142  16:03  Carrier x2 (Chrono Boost)  
  151  16:12  Probe  
  144  16:19  Zealot x6  
  144  16:24  Probe  
  157  16:29  Zealot  
  157  16:30  Zealot x3  
  159  16:37  Probe  
  144  16:50  Carrier (Chrono Boost)  
  144  16:51  Assimilator  
  144  16:52  Warp Prism (Chrono Boost), Assimilator  
  150  16:59  High Templar, Carrier (Chrono Boost)  
  150  17:00  High Templar  
  152  17:04  Archon  
  153  17:15  Stargate  
  153  17:25  Zealot x4  
  161  17:41  Zealot x6  
  173  17:45  Protoss Air Weapons Level 2 (Chrono Boost)  
  171  17:59  Zealot x4  
  171  18:02  Zealot x6  
  183  18:10  Carrier (Chrono Boost)  
  179  18:23  Immortal (Chrono Boost)  
  181  18:39  High Templar x4  
  181  18:41  Nexus  
  183  18:43  Archon x2  
  183  18:44  High Templar x2  
  183  18:45  Zealot x3  
  190  18:50  Archon  
  190  18:56  Immortal (Chrono Boost)  
  194  19:09  Carrier (Chrono Boost)  
  200  19:20  Pylon  
  198  19:30  Zealot  
  198  19:43  Immortal (Chrono Boost)  
  198  19:56  Photon Cannon  
  198  19:57  Photon Cannon  
  198  19:59  Photon Cannon  
  198  20:01  Photon Cannon  
  198  20:03  Robotics Facility, Shield Battery  
  198  20:05  Robotics Facility  
  198  20:06  Zealot x2  
  199  20:10  Observer (Chrono Boost)  
  199  20:12  Probe (Chrono Boost)  
  188  20:16  Probe (Chrono Boost)  
  187  20:21  Probe (Chrono Boost)  
  187  20:26  Probe (Chrono Boost)  
  187  20:28  Photon Cannon  
  187  20:29  Photon Cannon  
  187  20:32  Shield Battery, Photon Cannon, High Templar x2, Protoss Air Weapons Level 3 (Chrono Boost)  
  192  20:35  Assimilator  
  192  20:36  Archon  
  192  20:37  Assimilator  
  192  20:38  Probe  
  192  20:41  Immortal (Chrono Boost)  
  193  20:43  Pylon  
  197  20:50  Probe  
  198  21:07  Photon Cannon  
  198  21:09  Photon Cannon  
  198  21:10  Shield Battery  
  198  21:11  Warp Prism (Chrono Boost)  
  196  21:37  Nexus  
  196  21:39  Pylon  
  196  21:48  Protoss Shields Level 1  
  196  21:54  Zealot x5  
  194  22:10  Photon Cannon  
  194  22:11  Shield Battery, Photon Cannon  
  194  22:14  Shield Battery  
  194  22:31  Photon Cannon  
  194  22:33  Photon Cannon  
  194  22:35  Shield Battery  
  190  22:37  Photon Cannon, Mothership (Chrono Boost)  
  190  22:40  Photon Cannon  
  190  22:41  Photon Cannon  
  190  22:43  Shield Battery  
  198  22:46  Assimilator  
  198  22:49  Assimilator  
  198  22:55  Probe (Chrono Boost)  
  199  23:05  Probe (Chrono Boost)  
  198  23:10  Oracle (Chrono Boost)  
  198  23:11  Protoss Air Armor Level 1 (Chrono Boost)  
  196  23:14  Observer  
  196  23:15  Probe (Chrono Boost)  
  198  24:16  Observer x2  
  199  24:28  Protoss Shields Level 2 (Chrono Boost)  
  193  24:39  Carrier (Chrono Boost)  
  199  24:51  Probe (Chrono Boost)  
  199  24:52  Pylon  
  190  25:02  Probe (Chrono Boost)  
  190  25:07  Probe (Chrono Boost)  
  187  25:09  Void Ray x2 (Chrono Boost)  
  187  25:11  Stargate  
  187  25:13  Stargate  
  187  25:14  Stargate  
  180  25:18  Probe  
  180  25:19  Stargate  
  174  25:29  Zealot x2  
  174  25:30  Probe  
  174  25:33  Void Ray (Chrono Boost)  
  179  25:39  Void Ray (Chrono Boost)  
  187  25:58  Zealot x6  
  195  26:14  Void Ray (Chrono Boost)  
  195  26:18  Carrier (Chrono Boost)  
  198  26:19  Carrier (Chrono Boost)  
  193  26:31  Mothership (Chrono Boost)  
  193  26:43  Nexus  
  193  26:44  Void Ray  
  193  26:45  Pylon  
  187  27:10  Zealot x6  
  183  27:39  Carrier (Chrono Boost)  
  183  27:40  Carrier (Chrono Boost)  
  195  27:56  Zealot x2  
  192  28:50  Zealot  
  182  29:07  Zealot x4  
  186  29:14  Void Ray  
  186  29:16  Void Ray  
  186  29:21  Void Ray  
  163  29:45  Void Ray  
  163  29:46  Pylon  
  163  29:49  Pylon  
  149  29:54  Void Ray  
  149  29:55  Void Ray  
  127  30:13  High Templar x5  
  137  30:17  Archon x2  
  137  30:23  Pylon  
  133  30:57  Pylon  
  133  31:00  Pylon  
  133  31:03  Pylon  
  133  31:05  Pylon  
  133  31:07  Pylon x2  
  133  31:08  Pylon  
  129  31:12  Void Ray  
  133  31:19  Void Ray (Chrono Boost)  
  137  31:48  Void Ray x2 (Chrono Boost)  
  145  32:12  Gateway  
  145  32:14  Gateway  
  145  32:36  Void Ray (Chrono Boost)  
  139  32:43  Void Ray (Chrono Boost)  
  119  33:18  Void Ray (Chrono Boost)  
  123  33:26  Void Ray  

Tags
 
Add a new tag
Caveats
  • Supply blocks, unpowered buildings, or Contaminate may cause inaccurate times.
  • Supply counts are checked every 10 seconds.